[Event "Team 45 45 League T69"]
[Site "Internet Chess Club"]
[Date "2016.07.07"]
[Round "5"]
[White "liujf"]
[Black "dabodhi"]
[Result "1-0"]
[WhiteElo "1244"]
[BlackElo "1427"]
[Opening "Sicilian: Labourdonnais-Löwenthal variation"]
[ECO "B32"]
[Time "20:02:12"]
[TimeControl "2700+45"]

1. e4 c5 2. Nf3 Nc6 3. d4 cxd4 4. Nxd4 e5 5. Nxc6 bxc6 6. Bc4 d5 7. exd5 cxd5 8.
Bxd5 Rb8 9. Bxf7+ Ke7 10. Qxd8+ Kxd8 11. O-O Nf6 12. Nc3 Ke7 13. Bb3 Be6 14. Bg5
Kf7 15. Rfe1 h6 16. Bh4 Bxb3 17. axb3 g6 18. Rxe5 Rb7 19. Ra6 g5 20. Bg3 Nd7 21.
Rf5+ Kg7 22. h4 Be7 23. h5 Rf8 24. Rfa5 Bc5 25. Na4 Bb6 26. Nxb6 axb6 27. Ra7
Rxa7 28. Rxa7 Rf7 29. c4 Kf6 30. Bd6 Ke6 31. Ba3 Nc5 32. Rxf7 Kxf7 33. Bxc5 bxc5
34. g4 Ke6 35. f3 Ke5 36. Kf2 Kd4 37. Ke2 Ke5 38. Kd3 Kf4 39. Ke2 Ke5 40. Ke3
Kd6 41. Ke4 Ke6 42. f4 gxf4 43. Kxf4 Kf6 44. b4 cxb4 45. c5 Ke6 46. c6 Kd6 47.
c7 Kxc7 48. g5 Kd7 49. gxh6 {Black resigns} 1-0

[Event "Team 45 45 League T69"]
[Site "Internet Chess Club"]
[Date "2016.07.07"]
[Round "5"]
[White "smsxman"]
[Black "PsyMar"]
[Result "1-0"]
[WhiteElo "1380"]
[BlackElo "1385"]
[Opening "Four knights: Italian variation"]
[ECO "C47"]
[Time "11:00:11"]
[TimeControl "2700+45"]

1. e4 e5 2. Nf3 Nc6 3. Nc3 Nf6 4. Bc4 Nxe4 5. Bxf7+ Kxf7 6. Nxe4 d5 7. Neg5+ Kg8
8. d3 Bg4 9. Bd2 h6 10. h3 hxg5 11. Bxg5 Bxf3 12. Qd2 Bd1 13. Bxd8 Rxd8 14. Qxd1
Nd4 15. O-O e4 16. dxe4 dxe4 17. Kh1 Be7 18. c3 Nf3 19. Qb3+ Kf8 20. gxf3 Rxh3+
21. Kg2 Rxf3 22. Qxb7 Bh4 23. Qxe4 Rdd3 24. Qxh4 {Black resigns} 1-0

[Event "Team 45 45 League T69"]
[Site "Internet Chess Club"]
[Date "2016.07.09"]
[Round "5"]
[White "mongmong"]
[Black "smsxman"]
[Result "0-1"]
[WhiteElo "1475"]
[BlackElo "1399"]
[Opening "Queen's pawn game"]
[ECO "D04"]
[Time "20:00:35"]
[TimeControl "2700+45"]

1. d4 d5 2. Nf3 Nf6 3. e3 Nc6 4. c3 e6 5. Bd3 Bd7 6. Nbd2 Be7 7. Qe2 a6 8. O-O
O-O 9. h3 b5 10. e4 dxe4 11. Nxe4 b4 12. Bg5 a5 13. Nxf6+ Bxf6 14. Bxf6 Qxf6 15.
Qe4 g6 16. Rfe1 Ne7 17. Ne5 Rfd8 18. Ng4 Qg7 19. Qe5 Qxe5 20. Nxe5 bxc3 21. bxc3
Nc6 22. Nxc6 Bxc6 23. Be4 Bxe4 24. Rxe4 Rab8 25. Re5 Rd5 26. Rxd5 exd5 27. Re1
c6 28. Re2 a4 29. Re7 Rb2 30. Rc7 Rxa2 31. Rxc6 a3 32. f3 Rb2 33. Kh2 Rc2 34.
Rc5 a2 35. Ra5 Kg7 36. Kg3 Kf6 37. h4 Ke6 38. Kh3 h5 39. g3 Rxc3 40. Rxa2 Rxf3
41. Ra8 Kf5 42. Rd8 Ke4 43. Re8+ Kxd4 44. Kg2 Rf5 45. Ra8 Kc3 46. Ra3+ Kb2 47.
Rd3 Kc2 48. Rd4 Kc3 49. Rd1 d4 50. Kh3 d3 51. g4 Rf3+ {White resigns} 0-1

[Event "Team 45 45 League T69"]
[Site "Internet Chess Club"]
[Date "2016.07.08"]
[Round "5"]
[White "Toalla"]
[Black "Kandor"]
[Result "1-0"]
[WhiteElo "1277"]
[BlackElo "1226"]
[Opening "Ruy Lopez: Marshall counter-attack"]
[ECO "C89"]
[Time "18:02:11"]
[TimeControl "2700+45"]

1. e4 e5 2. Nf3 Nc6 3. Bb5 a6 4. Ba4 Nf6 5. O-O b5 6. Bb3 Be7 7. Re1 O-O 8. c3
d5 9. Bc2 Bg4 10. exd5 Nxd5 11. h3 Bxf3 12. Qxf3 f5 13. d3 f4 14. Nd2 Nf6 15.
Ne4 Nxe4 16. Rxe4 Qd5 17. Bb3 {Black resigns} 1-0

[Event "Team 45 45 League T69"]
[Site "Internet Chess Club"]
[Date "2016.07.07"]
[Round "5"]
[White "chips"]
[Black "tasawyer81"]
[Result "0-1"]
[WhiteElo "1205"]
[BlackElo "1091"]
[Opening "Polish (Sokolsky) opening"]
[ECO "A00"]
[Time "21:07:26"]
[TimeControl "2700+45"]

1. b4 e5 2. Bb2 d6 3. e4 Nf6 4. d3 Be6 5. Nf3 Nc6 6. a3 Be7 7. g3 O-O 8. Bg2 Qd7
9. O-O Rfd8 10. Nbd2 d5 11. Nxe5 Nxe5 12. Bxe5 dxe4 13. Nxe4 Ng4 14. h3 Nxe5 15.
Nc3 Bxh3 16. Bxb7 Rab8 17. Bg2 Bxg2 18. Kxg2 Bf6 19. Rb1 Qc6+ 20. Ne4 Nc4 21.
Rb3 Bd4 22. c3 Bb6 23. f3 Ne3+ {White resigns} 0-1

[Event "Team 45 45 League T69"]
[Site "Internet Chess Club"]
[Date "2016.07.16"]
[Round "5"]
[White "WzeroMN"]
[Black "stantheman59"]
[Result "0-1"]
[WhiteElo "1114"]
[BlackElo "1144"]
[Opening "Sicilian: Hungarian variation"]
[ECO "B27"]
[Time "18:01:58"]
[TimeControl "2700+45"]

1. e4 c5 2. Nf3 g6 3. d4 cxd4 4. Nxd4 Bg7 5. Nc3 e6 6. Nde2 d6 7. b3 Nf6 8. Rb1
Nc6 9. Bb2 Qa5 10. a4 Nxe4 11. Qd3 d5 12. Qb5 Nxc3 13. Qxa5 Nxa5 14. b4 Nxb1 15.
Bxg7 Rg8 16. Bd4 Nc6 17. Bf6 e5 18. Nc1 a6 19. Be2 Bf5 20. b5 axb5 21. Bxb5 Bxc2
22. Bxe5 Kd7 23. Bb2 Rge8+ 24. Be2 Rxa4 25. O-O Kd6 26. h3 d4 27. Bd3 Bxd3 28.
Nxd3 Nd2 29. Rd1 Nc4 {White forfeits on time} 0-1

[Event "Team 45 45 League T69"]
[Site "Internet Chess Club"]
[Date "2016.07.11"]
[Round "5"]
[White "Electryon"]
[Black "karthikkallam"]
[Result "1/2-1/2"]
[WhiteElo "1459"]
[BlackElo "1392"]
[Opening "Queen's pawn, Mason variation"]
[ECO "D00"]
[Time "20:28:35"]
[TimeControl "2700+45"]

1. d4 d5 2. Bf4 Nf6 3. e3 a6 4. Bd3 Bd7 5. Nf3 Nc6 6. c3 e6 7. Ne5 Nxe5 8. Bxe5
c5 9. Nd2 c4 10. Bc2 Qb6 11. b4 Be7 12. O-O O-O 13. e4 Bc6 14. Bxf6 Bxf6 15. e5
Be7 16. f4 f5 17. exf6 Bxf6 18. Nf3 Qc7 19. Ne5 Bxe5 20. fxe5 Qe7 21. Qg4 Bd7
22. a4 Rxf1+ 23. Rxf1 Rf8 24. Rxf8+ Qxf8 25. Qg5 Qe8 26. a5 h6 27. Qg6 Qxg6 28.
Bxg6 Kf8 29. Kf2 Be8 30. Bxe8 Kxe8 31. h4 Kd7 32. g4 g6 33. g5 h5 34. Ke2 {Game
drawn by mutual agreement} 1/2-1/2

[Event "Team 45 45 League T69"]
[Site "Internet Chess Club"]
[Date "2016.07.07"]
[Round "5"]
[White "princevultan2"]
[Black "Aquaman"]
[Result "0-1"]
[WhiteElo "1235"]
[BlackElo "1353"]
[Opening "QP counter-gambit (elephant gambit)"]
[ECO "C40"]
[Time "20:00:31"]
[TimeControl "2700+45"]

1. e4 e5 2. Nf3 d5 3. d3 dxe4 4. Nxe5 Bd6 5. Nc4 Nf6 6. Nc3 Bb4 7. Bd2 exd3 8.
cxd3 O-O 9. a3 Re8+ 10. Ne3 Bf8 11. Be2 c6 12. O-O Nbd7 13. Ng4 Nxg4 14. Bxg4
Ne5 15. Be2 Nxd3 16. Bxd3 Qxd3 17. Re1 Rxe1+ 18. Qxe1 Be6 19. Qd1 Rd8 20. Nb1
Qg6 21. Qf3 Bd6 22. Bb4 Bxb4 23. axb4 Bd5 24. Qh3 Be6 25. Qf3 Bg4 26. Qb3 Rd1+
27. Qxd1 Bxd1 28. Nc3 Bg4 29. Rxa7 h6 30. Rxb7 Kh7 31. Rc7 h5 32. b5 cxb5 33.
Rb7 Bf3 34. g3 Bxb7 35. b4 Qc6 36. Kf1 Qxc3 37. h3 Qc1+ 38. Ke2 Qb2+ 39. Ke1
Qxb4+ 40. Ke2 Qc4+ 41. Kd2 b4 42. g4 hxg4 43. hxg4 Qc3+ 44. Ke2 b3 45. g5 Qc2+
46. Ke3 b2 47. g6+ Kxg6 48. Kf4 Qf5+ 49. Ke3 b1=Q 50. Kd4 Qbd3# {White
checkmated} 0-1

[Event "Team 45 45 League T69"]
[Site "Internet Chess Club"]
[Date "2016.07.09"]
[Round "5"]
[White "artspir"]
[Black "Rbug"]
[Result "1-0"]
[WhiteElo "1180"]
[BlackElo "1046"]
[Opening "Queen's bishop game"]
[ECO "D02"]
[Time "14:05:14"]
[TimeControl "2700+45"]

1. d4 d5 2. Nf3 Nf6 3. Bf4 Nc6 4. e3 a6 5. Nbd2 e6 6. c3 Bd7 7. Bd3 Bd6 8. Ne5
Nxe5 9. dxe5 Be7 10. exf6 Bxf6 11. O-O O-O 12. Nf3 Re8 13. Ne5 Bxe5 14. Bxe5 f6
15. Bg3 Bc6 16. Rc1 e5 17. Qb3 Kh8 18. f3 e4 19. Bb1 f5 20. Rcd1 a5 21. fxe4
fxe4 22. Rf4 a4 23. Qc2 Bb5 24. Qf2 Rf8 25. Bxe4 Rb8 26. Rxd5 Qe8 27. Rxb5 Qxb5
28. Rxf8+ Rxf8 29. Qxf8# {Black checkmated} 1-0

[Event "Team 45 45 League T69"]
[Site "Internet Chess Club"]
[Date "2016.07.10"]
[Round "5"]
[White "Xbug"]
[Black "RobertBuice"]
[Result "1-0"]
[WhiteElo "1109"]
[BlackElo "1090"]
[Opening "QGD Slav defense"]
[ECO "D10"]
[Time "15:01:38"]
[TimeControl "2700+45"]

1. d4 d5 2. c4 c6 3. Nc3 Bf5 4. Nf3 Nf6 5. Bf4 e6 6. e3 Bb4 7. cxd5 Bxc3+ 8.
bxc3 cxd5 9. c4 O-O 10. Be2 Qa5+ 11. Qd2 Qxd2+ 12. Nxd2 Nc6 13. c5 b6 14. Bd6
Rfc8 15. O-O Ne4 16. Nxe4 Bxe4 17. Ba6 Re8 18. Bb7 Bd3 19. Bxc6 Bxf1 20. Kxf1
bxc5 21. Bxe8 Rxe8 22. Bxc5 a5 23. Rb1 a4 24. Rb4 h5 25. Rxa4 Rb8 26. Rb4 Ra8
27. a4 h4 28. Ke2 g5 29. Kd3 g4 30. Kc3 h3 31. g3 f5 32. Bb6 e5 33. dxe5 d4+ 34.
Bxd4 Rc8+ 35. Rc4 Rxc4+ 36. Kxc4 Kf7 37. a5 Ke6 38. a6 f4 39. exf4 Kf5 40. a7
Ke4 41. a8=Q+ Kf5 42. Qd5 Kg6 43. e6 Kh6 44. Qg5+ Kh7 45. Qg7# {Black
checkmated} 1-0

[Event "Team 45 45 League T69"]
[Site "Internet Chess Club"]
[Date "2016.07.17"]
[Round "5"]
[White "LittleButton"]
[Black "SlimeDog2"]
[Result "0-1"]
[WhiteElo "1821"]
[BlackElo "2091"]
[Opening "King's Indian: Torre attack"]
[ECO "A48"]
[Time "14:00:25"]
[TimeControl "2700+45"]

1. d4 Nf6 2. Nf3 g6 3. Bg5 Bg7 4. Nbd2 d5 5. c3 O-O 6. e3 b6 7. Be2 c5 8. O-O
Nbd7 9. b4 Ne4 10. Nxe4 dxe4 11. Nd2 h6 12. Bh4 cxd4 13. cxd4 Bb7 14. Qb3 Kh7
15. f3 exf3 16. Bxf3 Bxf3 17. Rxf3 Nf6 18. Rc1 a5 19. a3 Nd5 20. Kh1 axb4 21.
axb4 Qd7 22. e4 Nf6 23. Bf2 Qb5 24. Bg1 Kg8 25. Rfc3 Qe2 26. R3c2 Nxe4 27. Nc4
Qh5 28. Nxb6 Rad8 29. Re1 Bxd4 30. Bxd4 Rxd4 31. Qe3 Rxb4 32. Rc5 Qh4 33. Re5
Nf2+ 34. Kg1 Ng4 {White resigns} 0-1

[Event "Team 45 45 League T69"]
[Site "Internet Chess Club"]
[Date "2016.07.07"]
[Round "5"]
[White "sharky123"]
[Black "hudson"]
[Result "1-0"]
[WhiteElo "1882"]
[BlackElo "1737"]
[Opening "French: Tarrasch, closed variation"]
[ECO "C05"]
[Time "23:01:24"]
[TimeControl "2700+45"]

1. e4 e6 2. d4 d5 3. Nd2 Nf6 4. e5 Nfd7 5. f4 c5 6. c3 Nc6 7. Ndf3 Qb6 8. g3 f6
9. Bh3 cxd4 10. cxd4 Bb4+ 11. Kf1 O-O 12. a3 Be7 13. Bxe6+ Kh8 14. exf6 Nxf6 15.
Bxc8 Raxc8 16. Ne2 Na5 17. b4 Nc4 18. Qd3 Ng4 19. Kg2 Qe6 20. Ne5 Ncxe5 21. dxe5
Nxe5 22. fxe5 Qxe5 23. Bf4 Rxf4 24. gxf4 Qh5 25. Ng3 Qg4 26. Rac1 {Black
resigns} 1-0

[Event "Team 45 45 League T69"]
[Site "Internet Chess Club"]
[Date "2016.07.10"]
[Round "5"]
[White "LazyPeon"]
[Black "Holzschlange"]
[Result "1-0"]
[WhiteElo "1727"]
[BlackElo "1799"]
[Opening "Benoni: fianchetto, 11...Re8"]
[ECO "A62"]
[Time "15:03:27"]
[TimeControl "2700+45"]

1. d4 Nf6 2. c4 c5 3. d5 e6 4. Nc3 exd5 5. cxd5 d6 6. g3 g6 7. Nf3 Bg7 8. Bg2
O-O 9. O-O Re8 10. Nd2 a6 11. a4 Nbd7 12. Nc4 Nb6 13. Na3 Bd7 14. a5 Nc8 15. Nc4
Bb5 16. Ne3 Bd7 17. Qc2 b5 18. axb6 Nxb6 19. Ne4 Nxe4 20. Bxe4 Ba4 21. Rxa4 Nxa4
22. Qxa4 Rb8 23. Bf3 f5 24. Nc4 Rb4 25. Qxa6 Qb8 26. Bd2 {Black resigns} 1-0

[Event "Team 45 45 League T69"]
[Site "Internet Chess Club"]
[Date "2016.07.11"]
[Round "5"]
[White "losscause"]
[Black "kllrchris"]
[Result "0-1"]
[WhiteElo "1538"]
[BlackElo "1715"]
[Opening "King's Indian, 3.Nf3"]
[ECO "E61"]
[Time "21:08:26"]
[TimeControl "2700+45"]

1. d4 Nf6 2. Nf3 g6 3. c4 Bg7 4. Nc3 O-O 5. Bf4 d6 6. h3 c5 7. d5 b5 8. Qc2 bxc4
9. e4 Qa5 10. O-O-O Na6 11. Bxc4 Nb4 12. Qb1 Rb8 13. Bd2 Bd7 14. Qa1 Ne8 15. e5
dxe5 16. Rhe1 Nd6 17. Bb3 Nd3+ 18. Kc2 Bf5 {White resigns} 0-1

[Event "Team 45 45 League T69"]
[Site "Internet Chess Club"]
[Date "2016.07.11"]
[Round "5"]
[White "JJ12"]
[Black "Capt-Morgan"]
[Result "1-0"]
[WhiteElo "2148"]
[BlackElo "1898"]
[Opening "French: Tarrasch, closed variation"]
[ECO "C05"]
[Time "13:17:07"]
[TimeControl "2700+45"]

1. e4 e6 2. d4 d5 3. Nd2 Nf6 4. e5 Nfd7 5. f4 c5 6. Ngf3 a6 7. Nb3 Nc6 8. dxc5
Nxc5 9. Be3 b6 10. c3 Bd7 11. Nbd4 g6 12. Be2 Bh6 13. Nxc6 Bxc6 14. Nd4 Bb7 15.
O-O O-O 16. Qe1 Rc8 17. Rf3 Ne4 18. Rh3 Bg7 19. Bf3 b5 20. a3 Qe7 21. Rd1 Rc7
22. g4 h6 23. Rc1 Bc8 24. Bxe4 dxe4 25. Qg3 Re8 26. Rc2 Bb7 27. Rg2 Bd5 28. Qf2
Rc4 29. f5 exf5 30. gxf5 Qxe5 31. fxg6 fxg6 32. Rxg6 Bf7 33. Rg2 {Black resigns}
1-0

[Event "Team 45 45 League T69"]
[Site "Internet Chess Club"]
[Date "2016.07.06"]
[Round "5"]
[White "PolishRyszard"]
[Black "xt"]
[Result "0-1"]
[WhiteElo "1843"]
[BlackElo "1807"]
[Opening "Sicilian: Smith-Morra gambit"]
[ECO "B21"]
[Time "13:00:17"]
[TimeControl "2700+45"]

1. e4 c5 2. d4 cxd4 3. c3 dxc3 4. Nxc3 d6 5. Nf3 a6 6. Bc4 e6 7. O-O Be7 8. Qe2
Nc6 9. Rd1 Qc7 10. Bf4 b5 11. Bxb5 axb5 12. Nxb5 Qb6 13. Nxd6+ Bxd6 14. Bxd6
Nge7 15. a3 Ba6 16. Qd2 O-O 17. b4 Bb5 18. Qg5 Rfe8 19. h4 Be2 20. Bc5 Qb5 21.
Re1 Qd3 22. Qe3 Qxe3 23. Bxe3 Bb5 24. Rec1 Reb8 25. Bc5 Rb7 26. h5 h6 27. Rc3
Nc8 28. Nd2 Nb6 29. Be3 Na4 30. Rcc1 Ne5 31. Nb3 Nc4 32. Bc5 Nxc5 33. Nxc5 Rba7
34. a4 Nb2 35. a5 Nd3 36. Nxd3 Bxd3 37. f3 Rb7 38. Rc3 Ba6 39. Rb1 Rab8 40. Rc6
Bd3 41. Rb3 Bb5 42. Rc5 Ba4 43. Ra3 Rxb4 44. a6 Ra8 45. Ra5 Bb5 46. a7 Bd7 47.
Rd3 Rb7 48. Rda3 Kf8 49. Kf2 Ke7 50. Ke3 Kd6 51. f4 Kc7 52. g4 Rb4 53. g5 Bc6
54. Re5 Rb7 55. g6 fxg6 56. Rxe6 Raxa7 57. Rc3 Ra6 58. Rxg6 Rb4 59. Rxg7+ Kb6
60. Rg6 Kb5 61. Rxh6 Rxe4+ 62. Kd3 Rxf4 63. Rb3+ Kc5 64. Rc3+ Kb5 65. Rb3+ Kc5
66. Rc3+ Kd5 67. Ke3 Rh4 68. Kf2 Bb5 69. Kg3 Rxh6 70. Kxh4 Be2 71. Re3 Rxh5+ 72.
Kg3 Bc4 73. Kg4 Rh8 74. Kf5 Rf8+ 75. Kg5 Kd4 76. Re7 Bd5 77. Re1 Be4 78. Ra1 Ke5
79. Ra5+ Bd5 80. Kg4 Rg8+ 81. Kh3 Ke4 82. Ra4+ Kf3 83. Ra3+ Kf4 84. Ra4+ Be4 85.
Kh2 Rg2+ 86. Kh3 Rg1 87. Ra2 Rg8 88. Rf2+ Bf3 {White resigns} 0-1

[Event "Team 45 45 League T69"]
[Site "Internet Chess Club"]
[Date "2016.07.09"]
[Round "5"]
[White "passedpawn"]
[Black "Bleddyn"]
[Result "1-0"]
[WhiteElo "1889"]
[BlackElo "1589"]
[Opening "King's Indian: London system"]
[ECO "A48"]
[Time "10:01:12"]
[TimeControl "2700+45"]

1. d4 Nf6 2. Nf3 g6 3. Bf4 d6 4. h3 Bg7 5. e3 O-O 6. Be2 Nbd7 7. O-O Re8 8. c3
e5 9. Bh2 e4 10. Nfd2 d5 11. c4 c6 12. Nc3 Nb6 13. c5 Nbd7 14. b4 a6 15. a4 Nf8
16. b5 Qa5 17. Qc2 axb5 18. Nb3 Qd8 19. axb5 Rxa1 20. Rxa1 Bd7 21. b6 Ne6 22.
Ra7 Bc8 23. Na5 Re7 24. Ba6 bxa6 25. Nxc6 Rxa7 26. bxa7 {Black resigns} 1-0

[Event "Team 45 45 League T69"]
[Site "Internet Chess Club"]
[Date "2016.07.09"]
[Round "5"]
[White "Gilguli"]
[Black "bradleyguo175"]
[Result "1/2-1/2"]
[WhiteElo "1389"]
[BlackElo "1587"]
[Opening "Sicilian defense"]
[ECO "B20"]
[Time "15:01:15"]
[TimeControl "2700+45"]

1. e4 c5 2. a3 d6 3. b4 b6 4. bxc5 bxc5 5. d4 cxd4 6. Qxd4 Nc6 7. Bb5 Bd7 8. Qa4
Qb6 9. Be3 Qc7 10. Nc3 Ne5 11. Nd5 Qb7 12. Ne2 Bxb5 13. Qxb5+ Qxb5 14. Nc7+ Kd7
15. Nxb5 a6 16. Nbc3 Rb8 17. O-O Nf6 18. Rab1 Rc8 19. Rb7+ Ke8 20. Rfb1 Ned7 21.
Ra7 g6 22. Rbb7 Bg7 23. Nd5 Rb8 24. Nxf6+ Bxf6 25. Rxb8+ Nxb8 26. Ra8 Kd7 27.
Nf4 Nc6 28. Rxa6 Rb8 29. Rb6 Ra8 30. Rb7+ Kc8 31. Rb3 Nd4 32. Rc3+ Kd8 33. Bxd4
Bxd4 34. Rb3 Bc5 35. Nd5 Rxa3 36. Rxa3 Bxa3 37. Kf1 Kd7 38. Ke2 Ke6 39. Kd3 Bc5
40. f3 f5 41. c4 Kf7 42. exf5 gxf5 43. g4 fxg4 44. fxg4 e5 45. Ke4 Kg6 46. Ne3
Kg5 47. Nd5 Kh4 48. Nf6 h6 49. Kf5 Kh3 50. Kg6 Be3 51. Nd5 Bg5 52. Nc3 Kxg4 53.
Ne4 Be3 54. Nxd6 Kh3 55. Nf7 e4 56. Nd6 Kxh2 57. Nxe4 Kg2 58. Nd6 Kf3 59. Nf5
Bc5 60. Nxh6 Ke4 {Game drawn by mutual agreement} 1/2-1/2